 Dungeon Crawl Stone Soup version 0.31-a0-232-gb1c03b2570 (webtiles) character file.

Game seed: 7934872306545371179

2805 qw the Skirmisher (level 9, 0/57 HPs)
             Began as a Gargoyle Hexslinger on July 7, 2023.
             Was a Follower of Okawaru.
             Slain by Maggie
             ... wielding a +1 halberd of flaming
              (11 damage)
             ... on level 7 of the Dungeon.
             The game lasted 00:02:35 (6683 turns).

qw the Skirmisher (Gargoyle Hexslinger)             Turns: 6683, Time: 00:02:36

Health: 0/57       AC: 17    Str: 12    XL:     9   Next: 72%
Magic:  11/12      EV: 16    Int: 14    God:    Okawaru [*.....]
Gold:   347        SH:  0    Dex: 16    Spells: 9/10 levels left

rFire   + . .        e - +1 sling (heavy)
rCold   . . .        (no shield)
rNeg    + . .        d - +2 robe {rF+}
rPois   inf          (no helmet)
rElec   +            n - +2 cloak {Stlth+}
rCorr   .            o - +2 pair of gloves
SInv    +            (no boots)
Will    .....        (no amulet)
Stlth   ++++         i - ring of see invisible
HPRegen 0.29/turn    (no ring)
MPRegen 0.13/turn

%: no passive effects
@: about to teleport, heroic, mesmerised
A: sickness immunity, AC +6, negative energy resistance 1, electricity
resistance, torment resistance 1, petrification resistance
a: Renounce Religion, Heroism


You were on level 7 of the Dungeon.
You worshipped Okawaru.
Okawaru was aware of your devotion.
You visited 2 branches of the dungeon, and saw 8 of its levels.
You also visited: Sewer.

You collected 347 gold pieces.


Innate Abilities, Weirdness & Mutations

You are immune to sickness and miasma.
Your stone body is resilient. (AC +6)
You are immune to poison.
You resist negative energy. (rN+)
You are resistant to electric shocks. (rElec)
You are resistant to unholy torment.
You are immune to petrification.


   Skills:
 - Level 7.0(12.0) Fighting
 + Level 10.3(15.3) Ranged Weapons
 - Level 1.1(6.1) Armour
 - Level 3.0(8.0) Dodging
 - Level 1.0 Spellcasting
 - Level 2.6 Hexes
 - Level 4.0 Invocations


You had 9 spell levels left.
You knew the following spells:

 Your Spells              Type           Power      Damage    Failure   Level
a - Slow                  Hex            32%        N/A       9%          1

Your spell library contained the following spells:

 Spells                   Type           Power      Damage    Failure   Level
 Inner Flame              Hex/Fire       4%         N/A       41%         3
 Portal Projectile        Hex/Tloc       8%         N/A       41%         3
 Cause Fear               Hex            4%         N/A       65%         4

Inventory:

Hand Weapons
 e - a +1 heavy sling (weapon)
Armour
 d - a +2 robe of fire resistance (worn)
 n - a +2 cloak of stealth (worn)
 o - a +2 pair of gloves (worn)
Jewellery
 g - a ring of flight
 i - a ring of see invisible (left hand)
Scrolls
 a - 2 scrolls of identify
 f - a scroll of brand weapon
 h - a scroll of teleportation
Potions
 b - 4 potions of cancellation
 c - a potion of magic
 j - 2 potions of haste
 k - 3 potions of enlightenment
 l - 2 potions of mutation
 m - a potion of resistance

Dungeon Overview and Level Annotations

Branches:
Dungeon (7/15)             Temple (1/1) D:4           Sewer (visited)

Altars:
Ashenzari
Cheibriados
Dithmenos
Elyvilon
Fedhas
Gozag
Hepliaklqana
Kikubaaqudgha
Makhleb
Nemelex Xobeh
Okawaru
Qazlal
Ru
Uskayaw
Vehumet
Wu Jian
Xom
Yredelemnul
Zin
The Shining One

Shops:
D:3 [

Annotations:
D:3 1 runed translucent door, Crazy Yiuf
D:7 Maggie


Message History

You shoot a sling bullet.
The sling bullet barely misses the kobold brigand.
The kobold throws a stone.
The stone barely misses you.
The kobold brigand hits you but does no damage.
The kobold hits you but does no damage.
Maggie casts a spell.
Maggie draws you further into her thrall.
You shoot a sling bullet.
The sling bullet hits the kobold brigand.
The kobold brigand is moderately wounded.
The kobold brigand hits you with a +0 short sword.
The kobold barely misses you. Maggie barely misses you.
You shoot a sling bullet.
The sling bullet hits the kobold brigand!
The kobold brigand is severely wounded.
The kobold misses you. The kobold hits you but does no damage.
The kobold brigand hits you but does no damage.
Maggie misses you.
You shoot a sling bullet.
The sling bullet misses the kobold brigand.
The sling bullet hits the kobold!
You kill the kobold!
Okawaru accepts your kill. The kobold misses you.
The kobold brigand closely misses you. The kobold hits you but does no damage.
Maggie hits you from afar with a +1 halberd of flaming!
Maggie burns you.
6682 ||| READING 2 scrolls of teleportation.
As you read the scroll of teleportation, it crumbles to dust.
You feel strangely unstable. The kobold closely misses you.
The kobold brigand closely misses you. The kobold hits you but does no damage.
Maggie mumbles some strange words.
Maggie draws you further into her thrall.
You shoot a sling bullet.
The sling bullet hits the kobold brigand!
The kobold brigand is almost dead.
The kobold barely misses you.
Maggie hits you from afar with a +1 halberd of flaming!
You die...

...........##.#..# ....
...........#.....#.....
...........#######...#
######.........###...###
.....#.........#........
.....#.........#........
.....#.........#).......
.....#.........KKK......
....^#.........#@K##.##
.....#......#+##..#
.....#......# @...#
.....#...... .....#
.....#...... ......#
.....# ... #......#
....># #......# ######
########


You could see Maggie (mesmerising), a kobold brigand and 3 kobolds.

Vanquished Creatures
  Pikel (D:4)
  2 water moccasins
  2 orc warriors (D:7)
  A phantom (D:6)
  6 kobold brigands
  A bullfrog (D:6)
  A gnoll sergeant (D:7)
  4 scorpions
  6 wights
  3 jellies
  4 hounds
  An iron imp (D:6)
  2 sleepcaps
  3 iguanas
  Natasha (thrice) (D:2)
  2 orc wizards
  4 gnolls (D:5)
  10 adders
  A river rat (D:5)
  3 shadow imps
  2 white imps
  An ufetubus (D:4)
  5 dart slugs
  11 orcs
  9 ball pythons
  7 bats
  7 endoplasms
  8 giant cockroaches
  11 goblins
  7 hobgoblins
  4 jackals (D:1)
  21 kobolds
  3 quokkas
  16 frilled lizards
  9 rats
181 creatures vanquished.

Vanquished Creatures (others)
  2 kobolds
2 creatures vanquished.

Grand Total: 183 creatures vanquished

Notes
Turn   | Place    | Note
-------+----------+-------------------------------------------
     0 | D:1      | qw the Gargoyle Hexslinger began the quest for the Orb.
     0 | D:1      | Reached XP level 1. HP: 12/12 MP: 2/2
     0 | D:1      | 0 ||| qw: Version: 0.3-a-46-gb1f654a
     0 | D:1      | 0 ||| qw: Game counter: 2938
     0 | D:1      | 0 ||| qw: Melee chars always use a shield: true
     0 | D:1      | 0 ||| qw: God list: Okawaru
     0 | D:1      | 0 ||| qw: Allow faded altars: false
     0 | D:1      | 0 ||| qw: Do Orc after clearing Dungeon:15 true
     0 | D:1      | 0 ||| qw: Do second Lair branch before Depths: true
     0 | D:1      | 0 ||| qw: Lair rune preference: random
     0 | D:1      | 0 ||| qw: Goals: Normal
     0 | D:1      | 0 ||| PLANNING D:1-11
    65 | D:1      | Reached XP level 2. HP: 16/16 MP: 3/3
   312 | D:1      | Reached skill level 3 in Ranged Weapons
   494 | D:1      | Reached XP level 3. HP: 20/21 MP: 4/4
   691 | D:1      | 691 ||| UPGRADING to +0 ring mail.
   701 | D:1      | 701 ||| DROPPING +0 robe.
   702 | D:1      | 702 ||| UPGRADING to +0 cloak.
   707 | D:1      | 707 ||| UPGRADING to ring of see invisible.
   708 | D:1      | 708 ||| READING 2 scrolls labelled VISERO ZABRI.
   709 | D:1      | 709 ||| READING scroll labelled NAEXZA HERHU.
   714 | D:1      | 714 ||| READING scroll labelled YVUTSA XINAYG.
   715 | D:1      | 715 ||| DROPPING scroll of poison.
   787 | D:2      | Reached skill level 1 in Armour
   987 | D:2      | Noticed Natasha
   992 | D:2      | Killed Natasha
   993 | D:2      | Reached skill level 4 in Ranged Weapons
   993 | D:2      | Reached XP level 4. HP: 18/26 MP: 5/5
  1615 | D:2      | Reached XP level 5. HP: 30/30 MP: 6/6
  1619 | D:2      | Noticed Natasha
  1626 | D:2      | Killed Natasha
  1770 | D:2      | Noticed Natasha
  1779 | D:2      | Killed Natasha
  1780 | D:2      | Reached skill level 5 in Ranged Weapons
  1837 | D:2      | 1837 ||| READING scroll labelled WADAFIYRPH.
  1838 | D:2      | 1838 ||| READING 2 scrolls of identify.
  1838 | D:2      | 1838 ||| IDENTIFYING amethyst potion
  1839 | D:2      | 1839 ||| DROPPING potion of lignification.
  2036 | D:3      | Found a runed translucent door.
  2037 | D:3      | Noticed Crazy Yiuf
  2124 | D:3      | Found Dodenopn's Antique Armour Boutique.
  2150 | D:3      | 2150 ||| SHOPLISTING embroidered robe (88 gold, have 83).
  2150 | D:3      | 2150 ||| SHOPLISTING pair of boots (108 gold, have 83).
  2150 | D:3      | 2150 ||| SHOPLISTING runed robe (88 gold, have 83).
  2523 | D:3      | 2523 ||| DRINKING 2 white potions.
  2524 | D:3      | 2524 ||| DRINKING 2 fizzy silvery potions.
  2525 | D:3      | 2525 ||| READING 3 scrolls of identify.
  2525 | D:3      | 2525 ||| IDENTIFYING viscous cyan potion
  2526 | D:3      | 2526 ||| READING 2 scrolls of identify.
  2526 | D:3      | 2526 ||| IDENTIFYING bubbling sapphire potion
  2527 | D:3      | 2527 ||| DROPPING potion of brilliance.
  2528 | D:3      | 2528 ||| DROPPING potion of degeneration.
  2617 | D:4      | Reached skill level 3 in Fighting
  2617 | D:4      | Reached XP level 6. HP: 29/37 MP: 7/7
  2789 | D:4      | Found a staircase to the Ecumenical Temple.
  2790 | D:4      | 2790 ||| PLANNING TEMPLE
  2790 | D:4      | 2790 ||| READING 2 scrolls of identify.
  2790 | D:4      | 2790 ||| IDENTIFYING grey potion
  2799 | Temple   | Entered the Ecumenical Temple
  2853 | Temple   | 2853 ||| PLANNING OKAWARU WORSHIP
  2976 | Temple   | Became a worshipper of Warmaster Okawaru
  2977 | Temple   | 2977 ||| PLANNING D:1-11
  3107 | D:4      | Noticed Pikel
  3108 | D:4      | Paralysed by Pikel for 3 turns
  3114 | D:4      | Killed Pikel
  3114 | D:4      | Reached * piety under Okawaru
  3115 | D:4      | Reached skill level 7 in Ranged Weapons
  3115 | D:4      | Reached XP level 7. HP: 33/41 MP: 8/8
  3263 | D:4      | Reached skill level 1 in Invocations
  3263 | D:4      | Reached XP level 8. HP: 36/48 MP: 9/9
  3472 | D:4      | Found a hide-covered altar of Uskayaw.
  3645 | D:4      | 3645 ||| UPGRADING to +2 robe of fire resistance.
  3655 | D:4      | 3655 ||| DROPPING +0 ring mail.
  3656 | D:4      | 3656 ||| READING 3 scrolls of identify.
  3656 | D:4      | 3656 ||| IDENTIFYING black potion
  3657 | D:4      | 3657 ||| READING 2 scrolls of identify.
  3657 | D:4      | 3657 ||| IDENTIFYING bubbling blue potion
  3658 | D:4      | 3658 ||| DROPPING potion of ambrosia.
  3713 | D:5      | Entered Level 5 of the Dungeon
  3714 | D:5      | 3714 ||| PLANNING SEWER
  3745 | D:5      | 3745 ||| INVOKING Heroism.
  3748 | D:5      | Reached skill level 8 in Ranged Weapons
  3925 | D:5      | Found an ornate altar of the Wu Jian Council.
  3938 | D:5      | Found a glowing drain.
  3940 | D:5      | 3940 ||| UPGRADING to +1 pair of gloves.
  3945 | D:5      | 3945 ||| READING 2 scrolls labelled YXUAMUM KAADE.
  3946 | D:5      | 3946 ||| DROPPING scroll of vulnerability.
  3958 | Sewer    | Entered a sewer
  3975 | Sewer    | 3975 ||| Stepping ~*~*~tactically~*~*~ (water).
  4061 | Sewer    | Reached skill level 3 in Invocations
  4129 | Sewer    | 4129 ||| INVOKING Heroism.
  4137 | Sewer    | HP: 11/48 [kobold/+0 short sword (4)]
  4138 | Sewer    | 4138 ||| READING scroll of teleportation.
  4139 | Sewer    | 4139 ||| DRINKING potion of heal wounds.
  4241 | Sewer    | 4241 ||| Stepping ~*~*~tactically~*~*~ (outnumbered).
  4242 | Sewer    | 4242 ||| Stepping ~*~*~tactically~*~*~ (outnumbered).
  4262 | Sewer    | 4262 ||| INVOKING Heroism.
  4414 | Sewer    | 4414 ||| DRINKING 3 bubbling orange potions.
  4415 | Sewer    | 4415 ||| READING 2 scrolls of identify.
  4415 | Sewer    | 4415 ||| IDENTIFYING yellow potion
  4435 | D:5      | 4435 ||| PLANNING D:1-11
  4952 | D:5      | 4952 ||| INVOKING Heroism.
  5031 | D:5      | Found an ancient bone altar of Kikubaaqudgha.
  5172 | D:5      | 5172 ||| UPGRADING to +2 cloak of stealth.
  5182 | D:5      | 5182 ||| DROPPING +0 cloak.
  5183 | D:5      | 5183 ||| UPGRADING to +2 pair of gloves.
  5193 | D:5      | 5193 ||| DROPPING +1 pair of gloves.
  5223 | D:6      | 5223 ||| Stepping ~*~*~tactically~*~*~ (outnumbered).
  5243 | D:6      | Reached skill level 9 in Ranged Weapons
  5274 | D:6      | Reached XP level 9. HP: 50/55 MP: 12/12
  5411 | D:6      | 5411 ||| INVOKING Heroism.
  5413 | D:6      | Reached skill level 6 in Fighting
  5581 | D:6      | Found a snail-covered altar of Cheibriados.
  6021 | D:7      | 6021 ||| STAIRDANCE
  6033 | D:6      | 6033 ||| INVOKING Heroism.
  6157 | D:7      | 6157 ||| Stepping ~*~*~tactically~*~*~ (outnumbered).
  6163 | D:7      | 6163 ||| INVOKING Heroism.
  6166 | D:7      | Reached skill level 10 in Ranged Weapons
  6339 | D:7      | Reached skill level 3 in Dodging
  6398 | D:7      | 6398 ||| Stepping ~*~*~tactically~*~*~ (outnumbered).
  6402 | D:7      | 6402 ||| Stepping ~*~*~tactically~*~*~ (outnumbered).
  6403 | D:7      | 6403 ||| Stepping ~*~*~tactically~*~*~ (outnumbered).
  6458 | D:7      | 6458 ||| INVOKING Heroism.
  6521 | D:7      | 6521 ||| INVOKING Heroism.
  6665 | D:7      | Noticed Maggie
  6671 | D:7      | 6671 ||| INVOKING Heroism.
  6681 | D:7      | HP: 12/57 [Maggie/+1 halberd of flaming (13)]
  6682 | D:7      | 6682 ||| READING 2 scrolls of teleportation.
  6683 | D:7      | Slain by Maggie

Levels and vault maps discovered:
D:1:      lightli_arrival_noodles, layout_basic, corexii_corridor_pit
D:2:      layout_basic, uniq_natasha
D:3:      layout_loops_ring, serial_shops, shop, uniq_crazy_yiuf_cottage
D:4:      layout_basic, mainiacjoe_overflow_alcove_2, minmay_temple_entry_hall,
          minmay_lizard_king, uniq_pikel
D:5:      layout_gridville, nzn_wu_jian_council_hall, marbit_many_paths,
          portal_sewer_entry_a
D:6:      layout_basic, slow_altar_2, grunt_decor_one_mirror
D:7:      minmay_skewed_foursquare, layout_gridville, serial_shops, shop,
          dreamdust_gnoll_shepherd, uniq_maggie
Temple:   eino_temple_scatter_basement

Skill      XL: |  1  2  3  4  5  6  7  8  9 |
---------------+----------------------------+-----
Ranged Weapons | 3 4 5 7 9 10 | 10.3
Fighting       | 2 3 5 7 |  7.0
Armour         | 1 |  1.1
Invocations    | 1 4 |  4.0
Dodging        | 2 3 |  3.0
Spellcasting   | |  1.0
Hexes          | |  2.6

Action                     |  1- 3 |  4- 6 |  7- 9 || total
---------------------------+-------+-------+-------++-------
   Fire: Sling             |   103 |   142 |   374 ||   619
 Invoke: Heroism           |       |       |    10 ||    10
    Use: Scroll            |     3 |     5 |     6 ||    14
         Potion            |       |     2 |     2 ||     4
 Armour: Robe              |     8 |       |   211 ||   219
         Ring mail         |    15 |    52 |    34 ||   101
  Dodge: Dodged            |    40 |    62 |   293 ||   395

Table legend:
 A = Non-vault XP
 B = Vault XP
 C = Vault XP percentage of total XP
 D = Non-vault monster count
 E = Vault monster count
 F = Vault count percentage of total count
                 A         B        C        D         E       F
            +---------+---------+-------+---------+---------+-------
      Total |    2278 |    1730 |  43.2 |     125 |      56 |  30.9
            +---------+---------+-------+---------+---------+-------
        D:1 |      47 |       0 |   0.0 |      23 |       0 |   0.0
        D:2 |     157 |      35 |  18.2 |      20 |       1 |   4.8
        D:3 |      29 |       0 |   0.0 |      17 |       0 |   0.0
        D:4 |     331 |     654 |  66.4 |      16 |      13 |  44.8
        D:5 |     220 |      35 |  13.7 |      12 |       6 |  33.3
        D:6 |     878 |      39 |   4.3 |      23 |       1 |   4.2
        D:7 |     616 |     456 |  42.5 |      14 |       6 |  30.0
      Sewer |       0 |     511 | 100.0 |       0 |      29 | 100.0
            +---------+---------+-------+---------+---------+-------
